 Dungeon Crawl Stone Soup version 0.31.0-12-g77e489cdc1 (webtiles) character file.

Game seed: 15315427895986554849

390 Tovical the Gusty (level 6, 0/36 HPs)
             Began as a Tengu Air Elementalist on Mar 5, 2024.
             Slain by a killer bee (7 damage)
             ... on level 5 of the Dungeon.
             The game lasted 00:18:07 (4188 turns).

Tovical the Gusty (Tengu Air Elementalist)          Turns: 4188, Time: 00:18:08

Health: 0/36       AC:  2    Str:  9    XL:     6   Next: 80%
Magic:  9/11       EV: 13    Int: 17    God:
Gold:   253        SH:  0    Dex: 14    Spells: 10/11 levels left

rFire   . . .        f - +1 short sword (speed)
rCold   . . .        (no shield)
rNeg    . . .        a - +0 robe
rPois   .            (helmet restricted)
rElec   .            (no cloak)
rCorr   .            (no gloves)
SInv    .            (boots unavailable)
Will    .....        (no amulet)
Stlth   ++           (no ring)
HPRegen 0.26/turn    (no ring)
MPRegen 0.12/turn

%: acrobat
@: lethally poisoned (0 -> -10)
A: beak, talons 3, acrobatic
a: no special abilities


You were on level 5 of the Dungeon.
You visited 1 branch of the dungeon, and saw 5 of its levels.

You collected 253 gold pieces.

Inventory:

Hand Weapons
 f - a +1 short sword of speed (weapon)
Missiles
 e - 9 poisoned darts (quivered)
Armour
 a - a +0 robe (worn)
Scrolls
 i - 2 scrolls of blinking
Potions
 b - a potion of magic
 d - a potion of curing


   Skills:
 + Level 2.8 Fighting
 + Level 3.8 Dodging
 - Level 2.0 Stealth
 + Level 3.3 Spellcasting
 + Level 4.0 Conjurations
 + Level 5.6 Air Magic


You had 10 spell levels left.
You knew the following spells:

 Your Spells              Type           Power      Damage    Failure   Level
a - Shock                 Conj/Air       76%        1d7       2%          1

Your spell library contained the following spells:

 Spells                   Type           Power      Damage    Failure   Level
 Static Discharge         Conj/Air       38%        3-5/arc   3%          2
 Swiftness                Air            21%        N/A       4%          3
 Airstrike                Air            10%        2d(2-18)  17%         4


Dungeon Overview and Level Annotations

Branches:
Dungeon (5/15)
 Temple: D:4-7

Altars:

Annotations:
D:4 Pikel


Innate Abilities, Weirdness & Mutations

You have a beak for a mouth.
You have claws for feet.
You can magically evade attacks while moving or waiting.


Message History

You feel sick.
The killer bee attacks as it pursues you!
The killer bee closely misses you. The killer bee misses you.
You feel sick.
You feel sick.
Casting: Shock (safe; 2% risk of failure)
Confirm with . or Enter, or press ? or * to list all spells.
Aiming: Shock (safe; 2% risk of failure)
Press: ? - help, Shift-Dir - straight line, f/p - killer bee
Aim: a killer bee (moderately wounded, 43% to hit)
The zap hits the killer bee.
The killer bee is lightly wounded.
The zap hits the killer bee.
The killer bee is moderately wounded.
The zap hits the killer bee.
The killer bee is moderately wounded.
You feel sick. The killer bee stings you.
You are more poisoned.
The killer bee poisons you! The killer bee misses you.
Casting: Shock (safe; 2% risk of failure)
Confirm with . or Enter, or press ? or * to list all spells.
Aiming: Shock (safe; 2% risk of failure)
Press: ? - help, Shift-Dir - straight line, f/p - killer bee
Aim: a killer bee (moderately wounded, 43% to hit)
Okay, then.
You feel very sick.
You feel sick.
The killer bee completely misses you. x3
You feel sick. The killer bee stings you.
Casting: Shock (safe; 2% risk of failure)
Confirm with . or Enter, or press ? or * to list all spells.
Aiming: Shock (safe; 2% risk of failure)
Press: ? - help, Shift-Dir - straight line, f/p - killer bee
Aim: a killer bee (moderately wounded, 43% to hit)
The zap hits the killer bee.
The killer bee is moderately wounded.
The zap misses the killer bee.
You feel sick. The killer bee stings you.
* * * LOW HITPOINT WARNING * * *
You are lethally poisoned!
The killer bee poisons you! The killer bee stings you!
You die...

.......# #......#
....... ##......#
.......#
###########.#...#
#@yy............#
###y#######.##..#
#.#######.#...#.
#.y.yy..........
###########.#.#.#.
#...........#.#.#.
##.##########.#.#
#.#####.........
#..............#


You could see 3 killer bees.

Vanquished Creatures
  An ogre (D:4)
  A lemure (D:4)
  2 jellies
  An orc priest (D:3)
  A hound (D:4)
  An iguana (D:4)
  3 gnolls
  5 adders
  2 dart slugs (D:1)
  3 ribbon worms
  3 orcs (D:3)
  7 endoplasms
  4 giant cockroaches (D:1)
  6 goblins
  6 hobgoblins
  9 jackals
  2 quokkas
  4 ball pythons
  7 bats
  3 frilled lizards
  6 kobolds
  6 rats
83 creatures vanquished.

Notes
Turn   | Place    | Note
-------+----------+-------------------------------------------
     0 | D:1      | Tovical the Tengu Air Elementalist began the quest for the
                  | Orb.
     0 | D:1      | Reached XP level 1. HP: 10/10 MP: 4/4
   203 | D:1      | Reached XP level 2. HP: 15/15 MP: 0/6
   327 | D:1      | Found a faded altar of an unknown god.
   571 | D:1      | Reached XP level 3. HP: 20/20 MP: 1/7
   666 | D:1      | Reached skill level 1 in Fighting
  1329 | D:2      | Reached XP level 4. HP: 25/25 MP: 2/8
  2065 | D:2      | Reached XP level 5. HP: 18/30 MP: 0/10
  2777 | D:3      | Reached skill level 5 in Air Magic
  3547 | D:3      | Reached XP level 6. HP: 36/36 MP: 6/11
  3961 | D:4      | Noticed Pikel
  4124 | D:5      | Entered Level 5 of the Dungeon
  4188 | D:5      | Slain by a killer bee

Illustrated notes

Levels and vault maps discovered:
D:1:      amcnicky_arrival_choice, layout_rooms, basic_ecumenical_altar,
          serial_bayou_crossing
D:2:      layout_basic, minmay_pentomino_q4
D:3:      layout_basic, serial_glass, glass_columns_a, glass_columns_b
D:4:      minmay_chambers_of_fours, layout_basic, minitemple, zin_angel,
          uniq_pikel
D:5:      layout_basic, serial_glass, glass_columns_b, glass_columns_a,
          glass_columns_c, glass_columns_a, uniq_prince_ribbit1, uniq_sigmund

Skill      XL: |  1  2  3  4  5  6 |
---------------+-------------------+-----
Conjurations   | 2 3 4 |  4.0
Fighting       | 1 2 |  2.8
Dodging        | 3 |  3.8
Air Magic      | 5 |  5.6
Spellcasting   | 3 |  3.3
Stealth        | |  2.0

Action                     |  1- 3 |  4- 6 || total
---------------------------+-------+-------++-------
  Melee: Unarmed           |     6 |       ||     6
         Kick              |     5 |     6 ||    11
         Peck              |     5 |     3 ||     8
         Short sword       |     4 |    32 ||    36
  Throw: Dart              |       |    10 ||    10
   Cast: Shock             |    71 |   116 ||   187
    Use: Scroll            |     4 |     9 ||    13
         Potion            |     1 |     1 ||     2
   Stab: Sleeping          |     1 |       ||     1
 Armour: Robe              |    12 |    33 ||    45
  Dodge: Dodged            |    12 |    68 ||    80
